Unix NetHack Version 5.0.0-0 post-release - last build May 31 2026 23:59:36 (970b52f25bf058293b47ddfd14a1e40e571c508c,branch:main).

Game began 2026-06-07 20:52:31, ended 2026-06-07 21:05:06.

Eymerich, chaotic male elven Priest

                                  #           -----               -------
                          --------.--         |(()|               |.)[))|
                          -.........|         |...|  -----        |.).).|
                          |..........#     ----.(.|##-...|        |.)))[|
                          |.........|##    |.....(|# |....########-..)).|
                          |....>.....####  |(.((..|##..<.|        |..)).|
                          |.........|#  ## |..(...|# -----        |.))))|
                          |.........|#   ##----...@#              -------
                          -----------###  ####|..m|d
                                       ##    #-...|#
                                        ######-----#
                                             #######

Eymerich the Acolyte         St:12 Dx:12 Co:11 In:11 Wi:19 Ch:10  Chaotic
Dlvl:2  $:13 HP:0(29) Pw:65(65) AC:7  Xp:4 T:1395 

Latest messages:
 In what direction?
 There is a small mimic here.
 You kick the small mimic.
 In what direction?
 You kick the small mimic.
 The small mimic reels from the blow.
 In what direction?
 You kick the small mimic.
 In what direction?
 You kick the small mimic.
 In what direction?
 You kick the small mimic.
 The small mimic reels from the blow.
 You hit the small mimic.
 In what direction?
 You kick the small mimic.
 The small mimic reels from the blow.
 In what direction?
 You kick the small mimic.
 In what direction?
 You kick the small mimic.
 The small mimic hits!
 In what direction?
 You kick the small mimic.
 Pinky misses the gecko.
 Pinky bites the gecko.
 The gecko misses Pinky.
 You kill the gecko!
 Pinky eats a gecko corpse.
 In what direction?
 You kick the small mimic.
 In what direction?
 You kick the small mimic.
 In what direction?
 You kick the small mimic.
 In what direction?
 You kick the small mimic.
 The small mimic hits!
 In what direction?
 You kick the small mimic.
 The small mimic hits!
 In what direction?
 You kick the small mimic.
 In what direction?
 You kick the small mimic.
 The small mimic hits!
 You stop.  Pinky is in the way!
 The small mimic hits!
 You die...
 Do you want your possessions identified? [ynq] (y)

Inventory:
 Coins    ('$')
  $ - 13 gold pieces
 Weapons  (')')
  m - a +0 boomerang
  s - a +0 dagger
  a - a blessed +1 mace (weapon in right hand)
  r - a +0 halberd
 Armor    ('[')
  o - a +0 pair of kicking boots (being worn)
  b - a +0 robe (being worn)
 Comestibles  ('%')
  e - a clove of garlic
  j - 2 pears
  f - a sprig of wolfsbane
 Spellbooks  ('+')
  h - a spellbook of cure blindness
  g - a spellbook of detect monsters
 Potions  ('!')
  d - 4 potions of holy water
 Tools    ('(')
  i - a tooled horn

Eymerich the Priest's attributes:

Background:
 You were an Acolyte, a level 4 elven Priest.
 You were chaotic, nominally on a mission for Kos
 who was opposed by Issek (lawful) and Mog (neutral).
 You were right-handed.
 You were in the Dungeons of Doom, on level 2.
 You entered the dungeon 1395 turns ago.
 You had 113 experience points, 47 more were needed to attain level 5.

Basics:
 You had 0 out of 29 hit points.
 You had all 65 energy points (spell power).
 Your armor class was 7.
 Your wallet contained 13 zorkmids.
 Autopickup was off.

Final Characteristics:
 Your strength was 12 (limit:18).
 Your dexterity was 12 (limit:18).
 Your constitution was 11 (limit:16).
 Your intelligence was 11 (limit:20).
 Your wisdom was 19 (limit:20).
 Your charisma was 10 (limit:18).

Final Status:
 You weren't hungry.
 You were unencumbered.
 You were wielding a mace.
 You had basic skill with mace.

Final Attributes:
 You were devoutly aligned.
 You were sleep resistant.
 You had infravision.
 You were guarded.
 Your spell casting was enhanced by wearing a robe.
 You are dead.

Miscellaneous:
 You didn't encounter any bones levels.
 Total elapsed playing time was 12 minutes and 34 seconds.

Major events:
 Turn
    1: Eymerich the chaotic elven Priest entered the dungeon
  814: attained the rank of Acolyte (level 3)
 1395: killed by a small mimic

Spells:
 Name                 Level Category     Fail Retention
 detect monsters        1   divination     0%  76%-100%
 cure blindness         2   healing       16%  76%-100%

Skills:
 Fighting Skills
   bare handed combat [Unskilled]
 Weapon Skills
   club               [Unskilled]
   mace               [Basic]
   morning star       [Unskilled]
   flail              [Unskilled]
   hammer             [Unskilled]
   quarterstaff       [Unskilled]
   polearms           [Unskilled]
   spear              [Unskilled]
   trident            [Unskilled]
   lance              [Unskilled]
   bow                [Unskilled]
   sling              [Unskilled]
   crossbow           [Unskilled]
   dart               [Unskilled]
   shuriken           [Unskilled]
   boomerang          [Unskilled]
   unicorn horn       [Unskilled]
 Spellcasting Skills
   healing spells     [Unskilled]
   divination spells  [Unskilled]
   clerical spells    [Basic]

Voluntary challenges:
 Character rerolling was not enabled.
 You were an atheist.
 You were illiterate.
 You never genocided any monsters.
 You never polymorphed an object.
 You never changed form.
 You used no wishes.
Achievements:
 You entered a shop.
 You attained the rank of Acolyte.

 The Dungeons of Doom: levels 1 to 2
    Level 1:
       Some fountains.
    Level 2: <- You were here.
       A weapon shop.
       Final resting place for
          you, killed by a small mimic.


Vanquished creatures:
  2 small mimics
 an iguana
  a hobbit
  a giant rat
  a gecko
  5 jackals
  a fox
  2 kobolds
  a grid bug
  a kobold zombie
  4 newts
20 creatures vanquished.

No species were genocided or became extinct.

Game over:
                       ----------
                      /          \
                     /    REST    \
                    /      IN      \
                   /     PEACE      \
                  /                  \
                  |     Eymerich     |
                  |      13 Au       |
                  |   killed by a    |
                  |   small mimic    |
                  |                  |
                  |                  |
                  |       2026       |
                 *|     *  *  *      | *
        _________)/\\_//(\/(/\)/\//\/|_)_______

Goodbye Eymerich the Priest...

You died in The Dungeons of Doom on dungeon level 2 with 514 points,
and 13 pieces of gold, after 1395 moves.
You were level 4 with a maximum of 29 hit points when you died.

